 Dungeon Crawl Stone Soup version 0.22-a0-159-g7ce444f (webtiles) character file.

12827 KristoblXynda the Carver (level 11, -3/94 HPs)
             Began as a Grey Draconian Gladiator on Feb 9, 2018.
             Was an Elder of Yredelemnul.
             Killed from afar by a gargoyle (6 damage)
             ... with a stone arrow
             ... on level 11 of the Dungeon.
             The game lasted 00:29:13 (14802 turns).

KristoblXynda the Carver (DrGl)                    Turns: 14802, Time: 00:29:43

Health: -3/94      AC: 13    Str: 18    XL:     11   Next: 67%
Magic:  11/11      EV: 17    Int: 11    God:    Yredelemnul [****..]
Gold:   220        SH:  6    Dex: 12    Spells: 10/10 levels left

rFire    + . .     SeeInvis .   a - +1 long sword (elec)
rCold    . . .     Gourm    .   H - +0 buckler
rNeg     + . .     Faith    .   (armour unavailable)
rPois    +         Spirit   .   y - +1 hat
rElec    .         Reflect  +   b - +1 cloak {rPois}
rCorr    .         Harm     .   u - +0 pair of gloves
MR       .....                  A - +0 pair of boots
Stlth    +.........             w - +2 amulet of reflection
HPRegen  0.25/turn              c - ring of positive energy
MPRegen  0.12/turn              i - ring of protection from fire

@: corroded, drained
A: walk through water, unfitting armour, unbreathing, cold-blooded, AC +12
a: Recall Undead Slaves, Injury Mirror, Animate Dead, Drain Life, Renounce
Religion


You were on level 11 of the Dungeon.
You worshipped Yredelemnul.
Yredelemnul was greatly pleased with you.
You were not hungry.

You visited 2 branches of the dungeon, and saw 12 of its levels.
You also visited: Sewer.

You collected 550 gold pieces.
You spent 330 gold pieces at shops.

Inventory:

Hand Weapons
 a - a +1 long sword of electrocution (weapon)
 C - a +1 great sword
Missiles
 B - a throwing net (quivered)
Armour
 b - a +1 cloak of poison resistance (worn)
 u - a +0 pair of gloves (worn)
 v - a +2 cloak of invisibility
 y - a +1 hat (worn)
 A - a +0 pair of boots (worn)
 H - a +0 buckler (worn)
Jewellery
 c - a ring of positive energy (left hand)
 g - an uncursed amulet of magic regeneration
 i - a ring of protection from fire (right hand)
 k - an uncursed ring of magical power
 w - a +2 amulet of reflection (around neck)
Wands
 z - a wand of paralysis (24)
 F - a wand of disintegration (14)
 J - a wand of iceblast (6)
Scrolls
 e - 3 scrolls of amnesia
 f - 6 scrolls of teleportation
 h - 3 scrolls of magic mapping
 l - a scroll of enchant weapon
 p - 5 scrolls of remove curse
 q - a scroll of fog
 x - a scroll of immolation
Potions
 m - a potion of ambrosia
 n - a potion of magic
 r - a potion of invisibility
 s - a potion of flight
 t - a potion of might
 D - a potion of berserk rage
 E - a potion of cancellation
 I - a potion of mutation {unknown}
Books
 j - a book of Conjurations

   Spells                             Type                      Level
   a - Magic Dart                     Conjuration                  1
   b - Searing Ray                    Conjuration                  2
   c - Dazzling Spray                 Conjuration/Hexes            3
   d - Fulminant Prism                Conjuration/Hexes            4
   e - Force Lance                    Conjuration/Translocation    4
   f - Iskenderun's Mystic Blast      Conjuration                  4
Comestibles
 d - 7 rations


   Skills:
 + Level 8.2 Fighting
 * Level 13.6 Long Blades
 - Level 3.2(3.1) Throwing
 + Level 9.6 Dodging
 + Level 1.7 Shields


You had 10 spell levels left.
You didn't know any spells.

Dungeon Overview and Level Annotations

Branches:
Dungeon (11/15)            Temple (1/1) D:4            Lair (0/6) D:8
    Orc (0/2) D:9

Altars:
Ashenzari
Cheibriados
Dithmenos
Elyvilon
Fedhas
Gozag
Hepliaklqana
Kikubaaqudgha
Makhleb
Nemelex Xobeh
Okawaru
Qazlal
Ru
Sif Muna
Trog
Uskayaw
Vehumet
Wu Jian
Xom
Yredelemnul
Zin
The Shining One

Shops:
D:8 [   D:9 ?


Innate Abilities, Weirdness & Mutations

You can walk through water.
Your dull iron-grey scales are very hard. (AC +12)
You cannot fit into any form of body armour.
You can survive without breathing.
You are cold-blooded and may be slowed by cold attacks.


Message History

The acid dragon closely misses you.
You riposte.
You hit the acid dragon.
The acid dragon is severely wounded.
The acid dragon claws you but does no damage.
The gargoyle hurls a stone arrow at you.
The stone arrow hits you!
* * * LOW HITPOINT WARNING * * *
The hippogriff bites you!
* * * LOW HITPOINT WARNING * * *
The hippogriff completely misses you. You block the hippogriff's attack.
Your mummy hits the acid dragon!
The acid dragon dies!
Yredelemnul accepts your kill.
As you read the scroll of fear, it crumbles to dust.
You assume a fearsome visage.
The hippogriff looks frightened!
The gargoyle is unaffected.
Your mummy is unaffected.
The gargoyle hurls a stone arrow at you.
The stone arrow hits you!
You die...
Your body rises from the dead as a mindless zombie.

#.##
#..##.#
#.#
#.#.....#
#.#
#.##.####
#.#
##.##.#
##>..#)#
###.....)#
.......9.#
###...M..#
.......@.#
#.###..H.#
.......#
#..(?)...#
.#.#####.#
#. #.# #..
..


You could see a hippogriff (fleeing), a gargoyle and a friendly mummy.

Vanquished Creatures
  The ghost of ThereIsNoGod the Geomancer, a novice FoEE of Makhleb (D:8)
  A two-headed ogre (D:8)
  An unseen horror (D:11)
  Pikel (D:9)
  Joseph (D:7)
  3 trolls
  A merfolk (D:9)
  2 hippogriffs
  15 yaks
  Eustachio (D:4)
  2 wyverns
  2 hungry ghosts
  A two-headed ogre zombie (D:9)
  A water moccasin (D:11)
  An orc warrior (D:9)
  Duvessa (D:6)
  Purgy (Sewer)
  An ice beast (D:3)
  3 sky beasts
  A black bear (D:8)
  2 phantoms (D:9)
  7 ogres
  4 centaurs
  A big kobold (D:8)
  4 bullfrogs
  A wyvern zombie (D:10)
  Dowan (D:6)
  A troll zombie (D:9)
  6 scorpions
  6 killer bees (D:7)
  10 wights
  A howler monkey (D:5)
  4 crimson imps
  3 bullfrog zombies
  A centaur zombie (D:9)
  2 hounds
  2 quasits
  Crazy Yiuf (D:6)
  2 bullfrog skeletons
  3 centaur skeletons
  4 orc priests
  A gnoll shaman (D:3)
  Jessica (D:3)
  2 iguanas (D:4)
  9 worker ants
  4 orc wizards
  Ijyb (D:3)
  6 ogre zombies (D:9)
  9 gnolls
  2 worker ant zombies
  13 adders
  A howler monkey skeleton (D:5)
  3 shadow imps (D:5)
  An ooze (D:1)
  4 worms (D:2)
  A dart slug (D:1)
  11 leopard geckos
  14 orcs
  8 giant cockroaches
  15 goblins
  9 hobgoblins
  3 jackals (D:7)
  4 quokkas
  2 ball pythons (Sewer)
  16 bats
  10 frilled lizards
  A goblin skeleton (D:9)
  3 hobgoblin zombies (D:9)
  A jackal skeleton (D:5)
  11 kobolds
  4 orc skeletons (D:9)
  17 orc zombies (D:9)
  A quokka skeleton (D:5)
  6 rats
  4 fungi (D:7)
305 creatures vanquished.

Vanquished Creatures (collateral kills)
  Sonja (D:10)
  A centaur skeleton (D:10)
  An acid dragon (D:11)
  A necrophage (D:10)
  2 wights (D:10)
  A worker ant zombie (D:10)
7 creatures vanquished.

Vanquished Creatures (others)
  A sky beast (D:8)
  5 yak zombies (D:10)
  A wight (D:10)
  A worker ant zombie (D:10)
  A scorpion zombie (D:10)
  An orc (D:5)
  A quokka (D:9)
  A fungus (D:7)
12 creatures vanquished.

Grand Total: 324 creatures vanquished

Notes
Turn   | Place    | Note
-------+----------+-------------------------------------------
     0 | D:1      | KristoblXynda the Draconian Gladiator began the quest for the Orb.
     0 | D:1      | Reached XP level 1. HP: 17/17 MP: 1/1
    66 | D:1      | Reached XP level 2. HP: 21/24 MP: 2/2
   230 | D:1      | Found a glowing silver altar of Zin.
   744 | D:2      | Reached XP level 3. HP: 23/29 MP: 3/3
  1438 | D:2      | Reached XP level 4. HP: 24/36 MP: 4/4
  1941 | D:3      | Noticed Jessica
  1947 | D:3      | Killed Jessica
  2000 | D:3      | Reached skill level 4 in Long Blades
  2004 | D:3      | Reached XP level 5. HP: 24/41 MP: 5/5
  2103 | D:3      | Found a glowing drain.
  2129 | Sewer    | Entered a sewer
  2510 | Sewer    | Noticed Purgy
  2533 | Sewer    | Killed Purgy
  2533 | Sewer    | Reached XP level 6. HP: 29/48 MP: 6/6
  2895 | D:3      | Reached skill level 5 in Long Blades
  2946 | D:3      | Noticed Ijyb
  2957 | D:3      | Killed Ijyb
  3150 | D:3      | Found a radiant altar of Vehumet.
  3343 | D:4      | Noticed an ice beast
  3368 | D:3      | Killed an ice beast
  4319 | D:4      | Found a staircase to the Ecumenical Temple.
  4330 | Temple   | Entered the Ecumenical Temple
  4424 | Temple   | Became a worshipper of Yredelemnul the Dark
  4464 | D:4      | Reached skill level 6 in Long Blades
  4464 | D:4      | Your scales start taking on a dull iron-grey colour.
  4464 | D:4      | Reached XP level 7. HP: 12/55 MP: 7/7
  4464 | D:4      | Gained mutation: You can survive without breathing. [Grey Draconian growth]
  4841 | D:4      | Noticed Eustachio
  4950 | D:4      | Killed Eustachio
  4950 | D:4      | Reached skill level 5 in Dodging
  5586 | D:4      | Found a sacrificial altar of Ru.
  5594 | D:4      | Reached skill level 7 in Long Blades
  5809 | D:5      | Entered Level 5 of the Dungeon
  5809 | D:5      | Found a shadowy altar of Dithmenos.
  5829 | D:5      | Noticed a hungry ghost
  5850 | D:5      | Killed a hungry ghost
  5850 | D:5      | Reached XP level 8. HP: 40/61 MP: 8/8
  5876 | D:5      | Reached skill level 8 in Long Blades
  6236 | D:5      | Reached * piety under Yredelemnul
  6731 | D:6      | Noticed Duvessa
  6732 | D:6      | Noticed Dowan
  6747 | D:6      | Killed Duvessa
  6756 | D:6      | Killed Dowan
  6756 | D:6      | Reached skill level 9 in Long Blades
  6933 | D:6      | Found a runed door.
  7124 | D:6      | Noticed Crazy Yiuf
  7146 | D:6      | Killed Crazy Yiuf
  7608 | D:6      | Reached XP level 9. HP: 37/67 MP: 9/9
  8040 | D:7      | Reached skill level 10 in Long Blades
  8339 | D:7      | Reached ** piety under Yredelemnul
  8571 | D:7      | Found a hide-covered altar of Uskayaw.
  8881 | D:7      | Noticed Joseph
  8904 | D:7      | Killed Joseph
  9202 | D:8      | Noticed a two-headed ogre
  9216 | D:8      | Killed a two-headed ogre
  9216 | D:8      | Reached skill level 11 in Long Blades
  9240 | D:8      | Found a staircase to the Lair.
  9251 | D:8      | Found Ostiesor's Antique Armour Shop.
  9259 | D:8      | Bought a runed cloak for 255 gold pieces
  9291 | D:8      | Reached XP level 10. HP: 80/80 MP: 10/10
  9422 | D:8      | Reached skill level 5 in Fighting
  9519 | D:8      | Noticed ThereIsNoGod's ghost (novice FoEE)
  9795 | D:8      | Killed ThereIsNoGod's ghost
 10040 | D:8      | Identified a scroll of acquirement
 10560 | D:9      | Found an opulent altar of Gozag.
 10917 | D:9      | Reached skill level 12 in Long Blades
 11348 | D:9      | Found a staircase to the Orcish Mines.
 11787 | D:9      | Found a shimmering altar of Xom.
 11839 | D:9      | Found a white marble altar of Elyvilon.
 11867 | D:9      | HP: 4/83 [orc warrior/short sword (6)]
 12320 | D:9      | Reached *** piety under Yredelemnul
 13145 | D:9      | Noticed Pikel
 13165 | D:9      | Killed Pikel
 13166 | D:9      | Found a shadowy altar of Dithmenos.
 13166 | D:9      | Found a stormy altar of Qazlal.
 13236 | D:9      | Found Losuf's Magic Scroll Boutique.
 13244 | D:9      | Bought a scroll of holy word for 75 gold pieces
 13450 | D:9      | Reached XP level 11. HP: 91/91 MP: 11/11
 13597 | D:10     | Entered Level 10 of the Dungeon
 13658 | D:10     | Received a gift from Yredelemnul (a wight)
 13690 | D:10     | Reached skill level 13 in Long Blades
 13701 | D:10     | Reached **** piety under Yredelemnul
 14138 | D:10     | Noticed Sonja
 14168 | D:10     | Killed Sonja
 14221 | D:10     | Received a gift from Yredelemnul (a mummy)
 14653 | D:11     | Killed an unseen horror
 14653 | D:11     | Reached skill level 1 in Shields
 14801 | D:11     | HP: 2/94 [hippogriff (12)]
 14802 | D:11     | Killed from afar by a gargoyle

Vault maps used:
D:1:      dpeg_arrival_fog, grunt_decor_one_mirror, hangedman_decor_push,
          kennysheep_flooded_box
D:3:      marbit_many_paths, gup_sewer_entry_pipe, uniq_jessica, uniq_ijyb
D:4:      minmay_temple_entry_steel_oval, nicolae_ru_great_annihilating_truth,
          uniq_eustachio
D:5:      first_ration, grunt_dithmenos_smoke_and_mirrors
D:6:      uniq_duvessa, uniq_crazy_yiuf_cottage
D:7:      old_forge, eat_drink_and_be_merry_uskayaw, due_unseen_surprise,
          uniq_joseph
D:8:      lair_entry_dummy, serial_shops, nicolae_shop_stone,
          kennysheep_generic_room_12
D:9:      elyvilon_altar_4, xom_teletrap_fun,
          gammafunk_temple_overflow_elements, zombieorc2_lemuel, serial_shops,
          shop, hangedman_fish_farm, grunt_gozag_statues, uniq_pikel
D:10:     uniq_sonja
D:11:     nicolae_zen_rock_garden
Temple:   kb_temple_of_zot
Sewer:    sewer_co_purgy_island

Skill      XL: |  1  2  3  4  5  6  7  8  9 10 11 |
---------------+----------------------------------+-----
Throwing       | 2 3 |  3.2
Dodging        | 3 4 5 6 7 8 9 |  9.6
Long Blades    | 4 6 7 9 11 12 13 | 13.6
Fighting       | 4 6 8 |  8.2
Shields        | 1 |  1.7

Action                   |  1- 3 |  4- 6 |  7- 9 | 10-12 || total
-------------------------+-------+-------+-------+-------++-------
Melee: Long sword        |   102 |   189 |   432 |   595 ||  1318
       Tailslap          |    10 |    28 |    92 |   117 ||   247
Throw: Throwing net      |       |     3 |       |     1 ||     4
Invok: Animate Dead      |       |       |       |     4 ||     4
Evoke: Wand              |       |       |     3 |     5 ||     8
  Use: Scroll            |       |     8 |    10 |    13 ||    31
       Potion            |       |     3 |     4 |     3 ||    10
 Stab: Sleeping          |     1 |     1 |     3 |       ||     5
       Held in net/web   |       |     1 |       |       ||     1
       Paralysed         |       |       |    11 |       ||    11
       Invisible         |       |       |     2 |       ||     2
       Distracted        |       |       |       |     1 ||     1
  Eat: Chunk             |     2 |     3 |     9 |     4 ||    18
       Ration            |       |     2 |     4 |     5 ||    11
Armor: Skin              |    34 |    60 |   141 |   180 ||   415
Dodge: Dodged            |    89 |   172 |   339 |   382 ||   982
Block: Other             |       |       |    17 |    36 ||    53
       Buckler           |       |       |       |     7 ||     7
       Reflection        |       |       |       |     1 ||     1
       Rpst.: Long sword |    33 |    45 |   114 |   107 ||   299

Table legend:
 A = Spawn XP
 B = Non-spawn XP
 C = Spawn XP percentage of total XP
 D = Spawn monster count
 E = Non-spawn monster count
 F = Spawn count percentage of total count
 G = Total turns spent on level
                    A         B        C        D         E        F      G
               +---------+---------+-------+---------+---------+-------+---------
         Total |       0 |   18325 |   0.0 |       0 |     309 |   0.0 | 14802
               +---------+---------+-------+---------+---------+-------+---------
           D:1 |       0 |      40 |   0.0 |       0 |      22 |   0.0 |   739
           D:2 |       0 |      79 |   0.0 |       0 |      25 |   0.0 |  1202
           D:3 |       0 |     381 |   0.0 |       0 |      31 |   0.0 |  1539
           D:4 |       0 |     542 |   0.0 |       0 |      17 |   0.0 |  1590
           D:5 |       0 |     816 |   0.0 |       0 |      24 |   0.0 |   766
           D:6 |       0 |     995 |   0.0 |       0 |      17 |   0.0 |  1236
           D:7 |       0 |    1623 |   0.0 |       0 |      33 |   0.0 |  1635
           D:8 |       0 |    2914 |   0.0 |       0 |      18 |   0.0 |  1914
           D:9 |       0 |    3471 |   0.0 |       0 |      61 |   0.0 |  2237
          D:10 |       0 |    5792 |   0.0 |       0 |      44 |   0.0 |  1022
          D:11 |       0 |    1529 |   0.0 |       0 |       9 |   0.0 |   183
         Sewer |       0 |     143 |   0.0 |       0 |       8 |   0.0 |   627
               +---------+---------+-------+---------+---------+-------+---------
